 Dungeon Crawl Stone Soup version 0.28.0 (webtiles) character file.

Game seed: 6914632919199286177

777 a3don the Chiller (level 7, -12/46 HPs)
             Began as a Demonspawn Ice Elementalist on Feb 17, 2022.
             Mangled by a two-headed ogre (17 damage)
             ... on level 5 of the Dungeon.
             The game lasted 00:08:32 (6009 turns).

a3don the Chiller (Demonspawn Ice Elementalist)     Turns: 6009, Time: 00:08:33

Health: -12/46     AC:  5    Str:  8    XL:     7   Next: 54%
Magic:  8/13       EV: 13    Int: 19    God:
Gold:   133        SH:  0    Dex: 13    Spells: 7/14 levels left

rFire   . . .      SeeInvis .   t - +0 war axe
rCold   . . .      Faith    .   (no shield)
rNeg    . . .      Spirit   .   a - +0 robe
rPois   .          Reflect  .   (helmet restricted)
rElec   .          Harm     .   (no cloak)
rCorr   .          Rampage  .   (no gloves)
Will    .....                   d - +0 pair of boots
Stlth   +++.......              (no amulet)
HPRegen 0.15/turn               (no ring)
MPRegen 0.13/turn               (no ring)

@: freezing walls
A: horns 1, molten scales 1, demonic guardian 1, spiny 1
a: no special abilities


You were on level 5 of the Dungeon.
You visited 1 branch of the dungeon, and saw 5 of its levels.

You collected 133 gold pieces.

Inventory:

Hand Weapons
 p - a +0 club
 t - a +0 war axe (weapon)
Missiles
 i - 3 poisoned darts
 l - 6 javelins
 q - 121 stones
Armour
 a - a +0 robe (worn)
 d - a +0 pair of boots (worn)
 m - a +0 ring mail of fire resistance
 o - the +8 ring mail of Coniowk {Str+6}
   (You found it on level 3 of the Dungeon)

   Str:       It affects your strength (+6).
 u - a scarf of harm
Magical Staves
 r - a staff of conjuration
Jewellery
 v - a ring of fire
Scrolls
 c - a scroll of blinking {unknown}
 e - a scroll of teleportation {unknown}
 g - a scroll of acquirement {unknown}
 n - a scroll of silence {unknown}
 s - 2 scrolls of identify {unknown}
 w - a scroll of fog {unknown}
Potions
 b - a potion of invisibility {unknown}
 f - 2 potions of flight {unknown}
 h - a potion of degeneration {unknown}
 j - 2 potions of haste {unknown}
 k - a potion of resistance {unknown}


   Skills:
 + Level 4.1 Dodging
 + Level 4.4 Stealth
 + Level 4.1 Spellcasting
 + Level 1.3 Hexes
 + Level 5.2 Ice Magic


You had 7 spell levels left.
You knew the following spells:

 Your Spells              Type           Power      Damage    Failure   Level
a - Freeze                Ice            92%        1d10      1%          1
b - Frozen Ramparts       Ice            46%        1d6       4%          3
c - Ozocubu's Armour      Ice            23%        N/A       4%          3

Your spell library contained the following spells:

 Spells                   Type           Power      Damage    Failure   Level
 Slow                     Hex            36%        N/A       8%          1
 Confusing Touch          Hex            9%         N/A       22%         3
 Tukima's Dance           Hex            9%         N/A       22%         3
 Gell's Gravitas          Tloc           3%         N/A       38%         3
 Teleport Other           Tloc           3%         N/A       38%         3
 Vampiric Draining        Necr           3%         2d6       38%         3
 Hailstorm                Conj/Ice       13%        3d5       43%         4
 Anguish                  Hex/Necr       3%         N/A       71%         4
 Dispersal                Tloc           1%         N/A       100%        6
 Enfeeble                 Hex            4%         N/A       100%        7


Dungeon Overview and Level Annotations

Branches:
Dungeon (5/15)
 Temple: D:4-7

Altars:

Shops:
D:1 *   D:3 =:*[

Annotations:
D:4 Grinder


Innate Abilities, Weirdness & Mutations

You have a pair of small horns on your head.
You are partially covered in molten scales. (AC +2)
A weak demonic guardian rushes to your aid.
You are partially covered in sharp spines.


Message History

You start resting.
Your iron imp disappears in a puff of smoke!
Magic restored.
You start resting.
A two-headed ogre comes into view.
It is wielding a +0 giant spiked club and a +0 giant club.
A two-headed ogre is nearby!
The two-headed ogre shouts in stereo!
There is an open door, spattered with blood here.
Things that are here:
+0 acid dragon scales; an acid dragon corpse
Casting: Freeze (safe; 1% risk of failure)
Confirm with . or Enter, or press ? or * to list all spells.
Casting: Frozen Ramparts (dangerous; 4% risk of failure)
Press: ? - help, Dir - look around, f - activate The walls around you are covered in ice.
The wall freezes the two-headed ogre.
The wall freezes the two-headed ogre.
Casting: Frozen Ramparts (dangerous; 4% risk of failure)
Confirm with . or Enter, or press ? or * to list all spells.
Aiming: Freeze (safe; 1% risk of failure)
Press: ? - help, Shift-Dir - straight line, f - two-headed ogre
Aim: a two-headed ogre, wielding a +0 giant spiked club and a +0 giant club (lightly wounded)
You freeze the two-headed ogre!
The two-headed ogre is moderately wounded.
The wall freezes the two-headed ogre.
The two-headed ogre is struck by your spines.
The two-headed ogre hits you with a +0 giant spiked club!!
The two-headed ogre hits you with a +0 giant club!
* * * LOW HITPOINT WARNING * * *
A demonic guardian appears!
Casting: Freeze (safe; 1% risk of failure)
Confirm with . or Enter, or press ? or * to list all spells.
Aiming: Freeze (safe; 1% risk of failure)
Press: ? - help, Shift-Dir - straight line, f/p - two-headed ogre
Aim: a two-headed ogre, wielding a +0 giant spiked club and a +0 giant club (heavily wounded, ally target)
You freeze the two-headed ogre!
The two-headed ogre is severely wounded.
The wall freezes the two-headed ogre.
The two-headed ogre hits you with a +0 giant spiked club!
You die...

#.#.# .#....####.###
#.#.# ##.....#. #.#.#
#.....#. #.#.#
#.###.....# #.#.#
#.........# ....#
#####.....# #.###
###'### #.# ###O###
.. #.# #...@5#..# #.#
#........# #.#
#######.....#.## #†#
#............>#
#.#####.#####.....#.#
#.......# #.....###
#....#### #.....#
#....# ####### #....#


You could see a two-headed ogre (ally target) and a friendly shadow imp
(summoned).

Vanquished Creatures
  An acid dragon (D:5)
  A water moccasin (D:4)
  An orc warrior (D:4)
  A water moccasin zombie (D:4)
  2 scorpions
  2 hounds (D:5)
  A jelly (D:4)
  A bullfrog skeleton (D:5)
  An orc wizard (D:5)
  A hound skeleton (D:5)
  2 adders (D:2)
  An ufetubus (D:4)
  2 worms (D:2)
  6 dart slugs
  7 orcs
  3 endoplasms (D:1)
  3 giant cockroaches
  6 goblins
  6 hobgoblins
  6 jackals (D:4)
  5 quokkas
  4 ball pythons
  6 bats
  4 frilled lizards
  A kobold (D:2)
  8 rats
82 creatures vanquished.

Vanquished Creatures (collateral kills)
  A hound zombie (D:5)
1 creature vanquished.

Vanquished Creatures (others)
  4 toadstools (D:1)
4 creatures vanquished.

Grand Total: 87 creatures vanquished

Notes
Turn   | Place    | Note
-------+----------+-------------------------------------------
     0 | D:1      | a3don the Demonspawn Ice Elementalist began the quest for
                  | the Orb.
     0 | D:1      | Reached XP level 1. HP: 13/13 MP: 3/3
    55 | D:1      | Found Gosuch's Assorted Antiques.
   433 | D:1      | Gained mutation: You have a pair of small horns on your
                  | head. [demonic ancestry]
   433 | D:1      | Reached XP level 2. HP: 19/19 MP: 3/5
  1007 | D:1      | Found a faded altar of an unknown god.
  1798 | D:2      | Gained mutation: You are partially covered in molten
                  | scales. (AC +2) [demonic ancestry]
  1798 | D:2      | Reached XP level 3. HP: 9/24 MP: 0/6
  2330 | D:2      | Learned a level 3 spell: Frozen Ramparts
  2688 | D:2      | Reached skill level 4 in Ice Magic
  3636 | D:3      | Found Coseimma's Book Shop.
  3643 | D:3      | Identified the +8 ring mail of Coniowk {Str+6}
  3673 | D:3      | Reached XP level 4. HP: 29/30 MP: 2/7
  3786 | D:3      | Found Puico's Assorted Antiques.
  3951 | D:3      | Found Loleulafe's Jewellery Boutique.
  4187 | D:3      | Found Jelas's Antique Armour Shop.
  4376 | D:4      | Gained mutation: You are partially covered in sharp spines.
                  | [demonic ancestry]
  4376 | D:4      | Reached XP level 5. HP: 7/35 MP: 5/9
  4732 | D:4      | Noticed a water moccasin
  4734 | D:4      | Noticed an orc warrior
  4741 | D:4      | Killed a water moccasin
  4742 | D:4      | Gained mutation: A weak demonic guardian rushes to your
                  | aid. [demonic ancestry]
  4742 | D:4      | Reached XP level 6. HP: 18/41 MP: 3/10
  4869 | D:4      | Killed an orc warrior
  4880 | D:4      | Learned a level 3 spell: Ozocubu's Armour
  5088 | D:4      | Noticed Grinder
  5098 | D:4      | Paralysed by Grinder for 7 turns
  5370 | D:5      | Entered Level 5 of the Dungeon
  5419 | D:5      | Reached XP level 7. HP: 46/46 MP: 9/12
  5583 | D:5      | Reached skill level 5 in Ice Magic
  5868 | D:5      | Reached skill level 1 in Hexes
  6000 | D:5      | Noticed a two-headed ogre
  6009 | D:5      | Mangled by a two-headed ogre

Illustrated notes

Levels and vault maps discovered:
D:1:      ldierk_walled_garden_2, layout_loops_cross, serial_shops, shop,
          dilly_ecumenical_altar_fadedgnrine, serial_glass, glass_columns_b,
          glass_columns_b
D:2:      layout_basic, serial_co_window_serial, co_window_paths_a,
          co_window_of_opportunity_a, co_window_paths_a, co_window_paths_a,
          co_window_of_opportunity_a, co_window_paths_a,
          co_window_of_opportunity_a, co_window_corner_ca,
          co_window_of_opportunity_b, co_window_corner_cb, co_window_corner_b,
          co_window_paths_e, glass_columns_b
D:3:      layout_rooms, serial_shops, nicolae_shop_hallway_plus, shop_statue,
          nicolae_square_shop, nicolae_shop_stone
D:4:      layout_basic, fedhas_altar_decomposition,
          minmay_temple_entry_statues_fountains, minmay_small_thing,
          uniq_grinder
D:5:      layout_basic, mainiacjoe_overflow_24_doors, nicolae_uskayaw_en_pointe

Skill      XL: |  1  2  3  4  5  6  7 |
---------------+----------------------+-----
Stealth        | 2 3 4 |  4.4
Dodging        | 2 3 4 |  4.1
Ice Magic      | 4 5 |  5.2
Spellcasting   | 3 4 |  4.1
Hexes          | 1 |  1.3

Action                   |  1- 3 |  4- 6 |  7- 9 || total
-------------------------+-------+-------+-------++-------
Melee: Unarmed           |    15 |       |       ||    15
       Headbutt          |     2 |    22 |     7 ||    31
       Club              |       |    75 |       ||    75
       Punch             |       |     2 |       ||     2
       War axe           |       |     2 |    21 ||    23
Throw: Dart              |       |     1 |       ||     1
 Cast: Freeze            |    68 |    20 |     3 ||    91
       Frozen Ramparts   |       |     7 |     3 ||    10
 Stab: Sleeping          |     1 |     6 |     1 ||     8
Armor: Robe              |    21 |    28 |    10 ||    59
Dodge: Dodged            |    33 |    69 |    21 ||   123
